AoeStats
← dean03110206

Nomad

508883868Analyzed
4v4 RM · 7d ago on Sep 24, 2026· 37m 4s· 8 players
Game mode
Random Map
Map size
231×231
Population
200
Speed
Normal
Resources
Standard
Victory
Conquest
Starting age
Dark Age
Ending age
Imperial Age
RankedLock teamsTeams togetherTeam positionsShared explorationLock speedFull tech treeHidden civsTurbo modeCheats
Victory
Defeat
1112
+13
🇨🇳 Danes · China
1092
+14
1054
+15
🇨🇳 Varangians · China
956
+19
🇪🇸 Huns · Spain
1091
-17
🇹🇼 Celts · Taiwan
1028
-15
🇸🇪 Spanish · Sweden
1019
-15
🇦🇹 Sicilians · Austria
1013
-14
Wiretrass
4:38 Loom
13:54 Feudal Age
14:52 Double-Bit Axe
19:28 Wheelbarrow
21:52 Castle Age
19:50 Fishing Lines
23:53 Medium Warships
24:22 Bow Saw
25:38 Gillnets
26:08 Gold Mining
27:32 Horse Collar
29:47 Hand Cart
30:34 Town Watch
30:42 Stone Mining
31:08 Forging
31:09 Heavy Plow
34:28 Imperial Age
33:05 Town Patrol
33:47 Stone Shaft Mining
32:37 Vendel Legacy
37:17 Iron Casting
泰拉之花.群山俯首
6:11 Loom
13:16 Feudal Age
13:57 Double-Bit Axe
14:08 Horse Collar
18:35 Castle Age
20:40 Bow Saw
21:12 Fishing Lines
22:12 Heavy Plow
25:27 Wheelbarrow
28:17 Hand Cart
30:42 Imperial Age
28:45 Town Watch
30:25 Scale Barding Armor
30:31 Forging
31:32 Chain Barding Armor
31:15 Scale Mail Armor
32:23 Two-Man Saw
31:55 Crop Rotation
31:56 Conscription
31:52 Squires
31:37 Arson
32:33 Iron Casting
31:54 Gold Mining
32:56 Chain Mail Armor
35:16 Blast Furnace
34:16 Treadmill Crane
35:16 Plate Mail Armor
( ‵□′)
10:42 Loom
13:36 Feudal Age
11:53 Loom
13:39 Feudal Age
16:00 Double-Bit Axe
16:18 Fishing Lines
18:39 Castle Age
20:58 Bow Saw
20:53 Scale Mail Armor
20:37 Horse Collar
22:49 Chain Mail Armor
22:36 Heavy Plow
27:03 Gold Mining
28:15 Wheelbarrow
28:03 Gillnets
28:38 Forging
30:03 Hand Cart
31:09 Hamask
35:05 Imperial Age
33:37 Iron Casting
35:19 Gold Shaft Mining
34:40 Stone Mining
36:32 Conscription
35:33 Elite Jomsviking
36:51 Plate Mail Armor
36:25 Squires
36:11 Arson
老外 我一会儿塔爆啊
13:23 Feudal Age
18:14 Castle Age
18:06 Double-Bit Axe
19:53 Bow Saw
22:47 Fishing Lines
25:15 Wheelbarrow
24:41 Gillnets
25:51 Horse Collar
28:04 Fletching
28:15 Padded Archer Armor
28:20 Gold Mining
29:19 Hand Cart
29:03 Bodkin Arrow
29:14 Scale Barding Armor
29:19 Forging
30:01 Gold Shaft Mining
29:52 Leather Archer Armor
30:06 Heavy Plow
31:21 Thumb Ring
31:19 Husbandry
33:06 Ballistics
33:18 Bloodlines
35:01 Chain Barding Armor
Bantum
4:47 Loom
16:27 Feudal Age
17:12 Fishing Lines
18:13 Double-Bit Axe
22:04 Castle Age
20:09 Scale Mail Armor
20:19 Forging
23:52 Castle Age
22:01 Gold Mining
23:46 Horse Collar
25:43 Chain Mail Armor
26:04 Iron Casting
dean03110206
3:59 Loom
17:32 Feudal Age
24:07 Castle Age
23:09 Double-Bit Axe
27:51 Pikeman
29:24 Bow Saw
30:55 Wheelbarrow
36:23 Imperial Age
34:58 Hand Cart
White
6:42 Loom
15:45 Feudal Age
17:37 Wheelbarrow
16:50 Fishing Lines
20:31 Castle Age
18:17 Town Watch
Riding
8:32 Loom
13:01 Feudal Age
17:29 Castle Age
15:34 Double-Bit Axe
17:21 Scale Barding Armor
17:31 Bloodlines
17:40 Horse Collar
18:15 Gold Mining
20:48 Stone Mining
24:10 Bow Saw
Connection lost

Rejoining the realm…

Still unreachable

The connection could not be restored.

Session expired

The server has moved on; the page needs a fresh start.